 Dungeon Crawl Stone Soup version 0.29-a0-266-gf56f883 (webtiles) character file.

Game seed: 9007398824915144779

84 Dorkslayer the Poker (level 4, 0/37 HPs)
             Began as a Merfolk Fighter on Mar 6, 2022.
             Slain by Ijyb
             ... wielding a +0 club
              (6 damage)
             ... while paralysed by Ijyb
             ... on level 3 of the Dungeon.
             The game lasted 00:04:50 (1954 turns).

Dorkslayer the Poker (Merfolk Fighter)              Turns: 1954, Time: 00:04:51

Health: 0/37       AC:  8    Str: 16    XL:     4   Next: 46%
Magic:  4/4        EV:  2    Int:  7    God:
Gold:   130        SH:  0    Dex: 15    Spells: 3/3 levels left

rFire   . . .      SeeInvis .   a - +2 trident
rCold   . . .      Faith    .   c - +0 buckler
rNeg    . . .      Spirit   .   l - +0 chain mail
rPois   .          Reflect  .   (no helmet)
rElec   .          Harm     .   (no cloak)
rCorr   .          Rampage  .   (no gloves)
Will    .....                   (no boots)
Stlth   ..........              (no amulet)
HPRegen 0.12/turn               (no ring)
MPRegen 0.09/turn               (no ring)

@: paralysed, mighty
A: (nimble swimmer 2), mertail
a: no special abilities


You were on level 3 of the Dungeon.
You visited 1 branch of the dungeon, and saw 3 of its levels.

You collected 130 gold pieces.

Inventory:

Hand Weapons
 a - a +2 trident (weapon)
Armour
 c - a +0 buckler (worn)
 l - a +0 chain mail (worn)
Potions
 g - a potion of haste {unknown}
 i - a potion of curing {unknown}
 k - 2 potions of mutation


   Skills:
 + Level 3.7 Fighting
 + Level 3.8 Polearms
 + Level 2.6 Armour
 + Level 1.3 Dodging
 + Level 3.6 Shields


You had 3 spell levels left.
You didn't know any spells.
Your spell library contained the following spells:

 Spells                   Type           Power      Damage    Failure   Level
 Sublimation of Blood     Necr           0%         N/A       100%        2
 Petrify                  Tmut/Erth      0%         N/A       100%        4
 Irradiate                Conj/Tmut      0%         3d13      100%        5


Dungeon Overview and Level Annotations

Branches:
Dungeon (3/15)

Altars:
Vehumet

Shops:
D:1 (

Annotations:
D:3 Ijyb


Innate Abilities, Weirdness & Mutations

((You are very nimble when in or above water. (Stealth+, EV+, Speed+++)))
Your lower body shifts to a powerful aquatic tail in water.


Message History

Ijyb is heavily wounded.
The goblin hits you but does no damage. Ijyb closely misses you.
The goblin barely misses you.
You barely miss Ijyb.
Ijyb is heavily wounded.
You block Ijyb's attack. You block the goblin's attack.
You hit Ijyb but do no damage.
Ijyb is heavily wounded.
Ijyb screams, "Me very upset!"
Ijyb zaps a wand.
You suddenly lose the ability to move!
The goblin hits you but does no damage. Ijyb hits you with a +0 club.
* * * LOW HITPOINT WARNING * * *
The goblin completely misses you. Ijyb hits you but does no damage.
The goblin hits you but does no damage. Ijyb hits you with a +0 club.
* * * LOW HITPOINT WARNING * * *
The goblin barely misses you.
Ijyb zaps a wand.
You shrug off the repeated paralysis!
The goblin hits you but does no damage.
You can move again.
You hit Ijyb but do no damage.
Ijyb is heavily wounded.
Ijyb hits you but does no damage. The goblin hits you but does no damage.
Ijyb hits you with a +0 club.
* * * LOW HITPOINT WARNING * * *
Unknown command.
Unknown command.
You feel very mighty all of a sudden. The goblin hits you with a +0 dagger.
* * * LOW HITPOINT WARNING * * *
Ijyb hits you but does no damage.
You hit Ijyb.
Ijyb is severely wounded.
You block the goblin's attack.
Ijyb zaps a wand.
You suddenly lose the ability to move!
The now-empty wand crumbles to dust.
The goblin barely misses you. Ijyb hits you with a +0 club.
* * * LOW HITPOINT WARNING * * *
The goblin hits you but does no damage. Ijyb hits you with a +0 club.
You die...

###.#
######.#.# .#
........>##.##
.#.###.#.#...
#..#.#..#
#..#.#..##
###..#.#... #
#......#g##.#
#......g@...#
###..###.####
#.. #.# ....
#.# ###. ..#
.# ### .#


You could see Ijyb and a goblin.

Vanquished Creatures
  2 adders (D:2)
  A worm (D:2)
  6 ball pythons
  4 endoplasms
  A giant cockroach (D:1)
  11 hobgoblins
  8 jackals (D:2)
  3 kobolds
  3 quokkas
  3 bats
  2 frilled lizards (D:1)
  6 goblins
  6 rats
56 creatures vanquished.

Vanquished Creatures (others)
  4 plants
4 creatures vanquished.

Grand Total: 60 creatures vanquished

Notes
Turn   | Place    | Note
-------+----------+-------------------------------------------
     0 | D:1      | Dorkslayer the Merfolk Fighter began the quest for the Orb.
     0 | D:1      | Reached XP level 1. HP: 18/18 MP: 1/1
   354 | D:1      | Reached XP level 2. HP: 23/24 MP: 2/2
   373 | D:1      | Found Taed's Weapon Shop.
   633 | D:1      | Reached XP level 3. HP: 24/29 MP: 3/3
  1005 | D:2      | Reached skill level 1 in Dodging
  1183 | D:2      | Reached XP level 4. HP: 35/37 MP: 4/4
  1566 | D:2      | Found a radiant altar of Vehumet.
  1816 | D:2      | Found a faded altar of an unknown god.
  1921 | D:3      | Noticed Ijyb
  1924 | D:3      | Paralysed by Ijyb for 6 turns
  1937 | D:3      | Paralysed by Ijyb for 6 turns
  1945 | D:3      | Paralysed by Ijyb for 5 turns
  1952 | D:3      | Paralysed by Ijyb for 6 turns
  1954 | D:3      | Slain by Ijyb

Illustrated notes

Levels and vault maps discovered:
D:1:      kennysheep_arrival_seaside, layout_rooms, serial_shops,
          nicolae_shop_waterfront
D:2:      layout_loops_ring, basic_altar, shapermc_ecumenical_altar_acropolis,
          grunt_decor_clamped
D:3:      layout_basic, mainiacjoe_overflow_concentric_impassable, slow_altar_2,
          serial_shops, shop_statue, chequers_jeans, minmay_goblin_outpost,
          uniq_ijyb, uniq_sigmund

Skill      XL: |  1  2  3 |
---------------+----------+-----
Polearms       | 3 |  3.8
Dodging        | 1 |  1.3
Fighting       | |  3.7
Armour         | |  2.6
Shields        | |  3.6

Action                   |  1- 3 |  4- 6 || total
-------------------------+-------+-------++-------
Melee: Trident           |   139 |    64 ||   203
  Use: Scroll            |       |     5 ||     5
       Potion            |       |     1 ||     1
Armor: Scale mail        |    47 |    11 ||    58
       Chain mail        |       |    17 ||    17
Dodge: Dodged            |    60 |    23 ||    83
Block: Buckler           |    34 |    14 ||    48

Table legend: (Time is in decaauts)
 A = Elapsed time spent in this place.
 B = Non-inter-level travel time spent in this place.
 C = Inter-level travel time spent in this place.
 D = Time resting spent in this place.
 E = Time spent auto-exploring this place.
 F = Levels seen in this place.
 G = Mean time per level.
                   A        B        C        D        E       F      G
               +--------+--------+--------+--------+--------+-----+--------+
         Total |   1972 |   1972 |      0 |    113 |    934 |   3 |  657.3 |
       Dungeon |   1972 |   1972 |      0 |    113 |    934 |   3 |  657.3 |
               +--------+--------+--------+--------+--------+-----+--------+

Top non-repeatable levels by time:
     D:1: 970 daAuts
     D:2: 937 daAuts
     D:3: 64 daAuts
